cohdb
Replays
Latest Replays
All Replays
Popular Replays
Top Player Replays
Match Explorer
How It Works
Community
CoH3 Stats
Reddit
Sign in to upload your games and track your stats! →
Sign in with Steam
Match 43202830
Unlisted
Match 43202830
Overview
Messages
Build Orders
End
Construct Barracks
Riflemen Squad
Riflemen Squad
Riflemen Squad
Grenade Package
Construct Weapon Support Center
Air Support Center
M3 Armored Personnel Carrier
P-47 Strafing Run
Engineer Squad
P-47 Strafing Run
P-47 Strafing Run
Construct Tank Depot
M1 Mortar Team
Selects Armored Battlegroup
Selects Fast Deploy
Selects Seek and Destroy
Selects UNKNOWN (2160077)
Selects Assault Engineers
Selects Field Repairs
M4A3E8 Sherman Easy Eight
P-47 Strafing Run
M1919 Machine Gun Team
M4A3E8 Sherman Easy Eight
Riflemen Squad
Selects War Machine
Grasshopper Recon Run
Assault Engineer Squad
Grasshopper Recon Run
P-47 Dive Bomb
Improved Aircraft Armor
Double Sortie
Advanced Air Reconnaissance
M1918 Browning Automatic Rifles
P-47 Dive Bomb
P-47 Strafing Run
AI Takeover
Arturokq
Haivan024
ArkaKonego
cannot compute
0
0
Comments
sign in to comment!
No comments posted yet!